3110 views
Uploaded 2020-08-17 12:35:21
Game version 1.32.6 / 1.32.7
25:56 long 1on1 custom game on (2)LastRefuge
Game name "W3Champions-s2-20-87731"
Saved by RichApM
3110 views
Uploaded 2020-08-17 12:35:21
Game version 1.32.6 / 1.32.7
25:56 long 1on1 custom game on (2)LastRefuge
Game name "W3Champions-s2-20-87731"

96 units @ 10.7k
/ 1.2k
44 buildings @ 4.6k
/ 2k



| Lesser Clarity Potion | 3 | 210 |
| Scroll of Regeneration | 2 | 200 |
| Potion of Healing | 1 | 150 |
| Orb of Fire | 1 | 325 |
| Scroll of Town Portal | 1 | 350 |
| Potion of Lesser Invulnerability | 1 | 150 |
| total: | 9 | 1385g |
| Peasant | 50 | 3750 | / | 0 |
| Footman | 17 | 2295 | / | 0 |
| Flying Machine | 17 | 1700 | / | 510 |
| Knight | 12 | 2940 | / | 720 |
| total: | 96 | 10685g | / | 1230w |
| Scout Tower | 13 | 390 | / | 260 |
| Arcane Tower | 5 | 350 | / | 250 |
| Guard Tower | 7 | 490 | / | 350 |
| Altar of Kings | 2 | 360 | / | 100 |
| Farm | 15 | 1200 | / | 300 |
| Barracks | 2 | 320 | / | 120 |
| Town Hall | 3 | 1155 | / | 615 |
| Lumber Mill | 1 | 120 | / | 0 |
| Arcane Vault | 3 | 390 | / | 90 |
| Blacksmith | 2 | 280 | / | 120 |
| Workshop | 2 | 280 | / | 280 |
| Arcane Sanctum | 1 | 150 | / | 140 |
| Keep | 1 | 320 | / | 210 |
| Castle | 1 | 360 | / | 210 |
| total: | 44 | 4645g | / | 2025w |
| 0:02 | Peasant |
| 0:05 | Altar of Kings |
| 0:07 | Altar of Kings |
| 0:09 | Peasant |
| 0:17 | Farm |
| 0:19 | Barracks |
| 0:23 | Peasant |
| 0:33 | Peasant |
| 0:58 | Farm |
| 0:58 | Peasant |
| 1:11 | Peasant |
| 1:21 | Footman |
| 1:25 | Farm |
| 1:30 | Peasant |
| 1:44 | Footman |
| 1:53 | Peasant |
| 2:03 | Summon Water Elemental |
| 2:05 | Footman |
| 2:12 | Peasant |
| 2:28 | Footman |
| 2:36 | Farm |
| 2:43 | Peasant |
| 2:52 | Footman |
| 3:04 | Brilliance Aura |
| 3:47 | Footman |
| 3:47 | Peasant |
| 3:59 | Town Hall |
| 4:14 | Town Hall |
| 4:17 | Scout Tower |
| 4:23 | Footman |
| 4:23 | Peasant |
| 4:39 | Peasant |
| 4:45 | Peasant |
| 4:48 | Lumber Mill |
| 5:02 | Arcane Tower |
| 5:32 | Peasant |
| 5:32 | Footman |
| 5:34 | Peasant |
| 5:36 | Arcane Vault |
| 5:37 | Peasant |
| 5:50 | Footman |
| 5:52 | Defend |
| 6:16 | Peasant |
| 6:16 | Footman |
| 6:20 | Peasant |
| 6:20 | Peasant |
| 6:35 | Keep |
| 6:47 | Footman |
| 7:00 | Footman |
| 7:02 | Lesser Clarity Potion |
| 7:11 | Farm |
| 7:13 | Footman |
| 7:24 | Scout Tower |
| 7:26 | Scout Tower |
| 7:26 | Footman |
| 7:31 | Lesser Clarity Potion |
| 7:31 | Scroll of Regeneration |
| 7:46 | Scout Tower |
| 7:53 | Guard Tower |
| 7:56 | Blacksmith |
| 7:58 | Guard Tower |
| 7:58 | Farm |
| 8:00 | Farm |
| 8:05 | Footman |
| 8:10 | Scout Tower |
| 8:21 | Guard Tower |
| 8:53 | Footman |
| 8:57 | Scout Tower |
| 8:58 | Farm |
| 9:06 | Footman |
| 9:13 | Castle |
| 9:16 | Arcane Tower |
| 9:18 | Scout Tower |
| 9:19 | Improved Lumber Harvesting |
| 9:19 | Improved Masonry |
| 9:24 | Farm |
| 9:26 | Guard Tower |
| 9:29 | Farm |
| 9:33 | Workshop |
| 9:35 | Barracks |
| 9:47 | Guard Tower |
| 10:16 | Scout Tower |
| 10:25 | Iron Forged Swords |
| 10:25 | Iron Plating |
| 10:53 | Storm Bolt |
| 10:57 | Summon Water Elemental |
| 11:12 | Guard Tower |
| 11:22 | Scroll of Regeneration |
| 11:22 | Potion of Healing |
| 11:23 | Lesser Clarity Potion |
| 11:24 | Scroll of Town Portal |
| 11:31 | Flying Machine |
| 11:31 | Flak Cannons |
| 11:33 | Farm |
| 11:34 | Farm |
| 11:35 | Advanced Lumber Harvesting |
| 11:48 | Knight |
| 12:16 | Peasant |
| 12:17 | Peasant |
| 12:25 | Peasant |
| 12:48 | Knight |
| 12:58 | Peasant |
| 13:04 | Peasant |
| 13:11 | Peasant |
| 13:23 | Blacksmith |
| 13:26 | Peasant |
| 13:29 | Peasant |
| 13:38 | Peasant |
| 13:53 | Flying Machine |
| 14:09 | Peasant |
| 14:15 | Peasant |
| 14:20 | Flying Machine |
| 14:23 | Peasant |
| 14:40 | Holy Light |
| 14:51 | Knight |
| 14:53 | Flying Machine |
| 15:09 | Peasant |
| 15:10 | Scout Tower |
| 15:27 | Flying Machine |
| 15:27 | Knight |
| 15:30 | Knight |
| 15:51 | Peasant |
| 15:51 | Peasant |
| 15:55 | Flying Machine |
| 15:55 | Flying Machine |
| 16:15 | Peasant |
| 16:19 | Peasant |
| 16:20 | Peasant |
| 16:25 | Sundering Blades |
| 16:25 | Animal War Training |
| 16:29 | Bash |
| 16:30 | Peasant |
| 16:37 | Divine Shield |
| 16:41 | Peasant |
| 16:46 | Scout Tower |
| 16:48 | Peasant |
| 17:24 | Flying Machine |
| 17:24 | Knight |
| 17:46 | Flying Machine |
| 17:54 | Arcane Tower |
| 17:54 | Peasant |
| 18:00 | Flying Machine |
| 18:00 | Flying Machine |
| 18:07 | Peasant |
| 18:10 | Scout Tower |
| 18:12 | Peasant |
| 18:15 | Flying Machine |
| 18:15 | Flying Machine |
| 18:34 | Flying Machine |
| 18:46 | Arcane Vault |
| 18:51 | Flying Machine |
| 18:54 | Farm |
| 18:55 | Peasant |
| 19:10 | Flying Machine |
| 19:11 | Knight |
| 19:18 | Knight |
| 19:23 | Peasant |
| 19:31 | Farm |
| 19:58 | Arcane Tower |
| 20:00 | Arcane Vault |
| 20:10 | Potion of Lesser Invulnerability |
| 20:15 | Brilliance Aura |
| 20:17 | Storm Bolt |
| 20:19 | Holy Light |
| 20:23 | Peasant |
| 20:47 | Knight |
| 20:48 | Flying Machine |
| 20:50 | Farm |
| 20:51 | Peasant |
| 20:51 | Peasant |
| 21:13 | Workshop |
| 21:16 | Arcane Sanctum |
| 21:40 | Steel Forged Swords |
| 21:44 | Peasant |
| 22:39 | Knight |
| 22:46 | Town Hall |
| 22:49 | Scout Tower |
| 22:50 | Scout Tower |
| 23:48 | Orb of Fire |
| 24:08 | Flying Machine Bombs |
| 24:24 | Guard Tower |
| 24:24 | Arcane Tower |
| 24:40 | Knight |
| 24:58 | Knight |
| 25:02 | Steel Plating |
| Right click | 1324 |
| Select group | 1128 |
| Select | 829 |
| Assign group | 352 |
| Misc. action | 287 |
| Build/train/purchase | 230 |
| Use ability | 55 |
| Item give/drop | 9 |
| Esc | 7 |
| Chat | 6 |
| Remove unit | 1 |
40 units @ 6.7k
/ 1.1k
17 buildings @ 2.7k
/ 1.2k



| Rod of Necromancy | 3 | 450 |
| Orb of Corruption | 1 | 375 |
| Potion of Healing | 1 | 150 |
| Scroll of Town Portal | 1 | 350 |
| Potion of Lesser Invulnerability | 2 | 300 |
| total: | 8 | 1625g |
| Acolyte | 10 | 750 | / | 0 |
| Ghoul | 2 | 240 | / | 0 |
| Crypt Fiend | 14 | 3010 | / | 560 |
| Obsidian Statue | 7 | 1400 | / | 245 |
| Abomination | 2 | 480 | / | 140 |
| Banshee | 5 | 775 | / | 150 |
| total: | 40 | 6655g | / | 1095w |
| Nerubian Tower | 1 | 100 | / | 20 |
| Spirit Tower | 3 | 435 | / | 120 |
| Ziggurat | 7 | 1050 | / | 350 |
| Altar of Darkness | 1 | 180 | / | 50 |
| Crypt | 1 | 200 | / | 50 |
| Tomb of Relics | 1 | 130 | / | 30 |
| Graveyard | 1 | 215 | / | 0 |
| Necropolis | 1 | 225 | / | 0 |
| Slaughterhouse | 2 | 280 | / | 270 |
| Temple of the Damned | 3 | 465 | / | 420 |
| Halls of the Dead | 1 | 320 | / | 210 |
| Black Citadel | 1 | 325 | / | 230 |
| total: | 17 | 2745g | / | 1170w |
| 0:00 | Acolyte |
| 0:05 | Ziggurat |
| 0:06 | Altar of Darkness |
| 0:12 | Acolyte |
| 0:32 | Crypt |
| 0:39 | Acolyte |
| 0:39 | Acolyte |
| 0:39 | Acolyte |
| 0:56 | Tomb of Relics |
| 1:14 | Graveyard |
| 1:32 | Ghoul |
| 1:38 | Ghoul |
| 2:01 | Nerubian Tower |
| 2:07 | Rod of Necromancy |
| 2:17 | Death Coil |
| 2:38 | Halls of the Dead |
| 2:56 | Crypt Fiend |
| 3:16 | Ziggurat |
| 3:17 | Ziggurat |
| 3:43 | Unholy Aura |
| 4:17 | Crypt Fiend |
| 4:36 | Rod of Necromancy |
| 4:49 | Crypt Fiend |
| 5:05 | Slaughterhouse |
| 5:18 | Ziggurat |
| 5:24 | Burrow |
| 5:58 | Rod of Necromancy |
| 6:13 | Black Citadel |
| 6:15 | Frost Nova |
| 6:49 | Death Coil |
| 6:51 | Obsidian Statue |
| 6:52 | Ziggurat |
| 7:15 | Crypt Fiend |
| 7:37 | Obsidian Statue |
| 7:58 | Potion of Lesser Invulnerability |
| 8:35 | Orb of Corruption |
| 8:49 | Frost Armor |
| 9:04 | Crypt Fiend |
| 9:05 | Destroyer Form |
| 10:03 | Rain of Fire |
| 10:12 | Spirit Tower |
| 10:44 | Acolyte |
| 11:17 | Frost Nova |
| 11:22 | Acolyte |
| 12:16 | Crypt Fiend |
| 12:17 | Ziggurat |
| 12:36 | Unholy Aura |
| 12:56 | Web |
| 13:17 | Obsidian Statue |
| 13:18 | Crypt Fiend |
| 13:19 | Slaughterhouse |
| 13:20 | Abomination |
| 13:55 | Ziggurat |
| 14:09 | Temple of the Damned |
| 14:10 | Temple of the Damned |
| 14:11 | Temple of the Damned |
| 14:15 | Cleaving Attack |
| 15:16 | Obsidian Statue |
| 15:17 | Crypt Fiend |
| 15:39 | Disease Cloud |
| 15:52 | Obsidian Statue |
| 15:55 | Banshee |
| 16:02 | Crypt Fiend |
| 16:21 | Frost Armor |
| 16:30 | Banshee |
| 16:53 | Banshee |
| 16:55 | Crypt Fiend |
| 17:51 | Death Coil |
| 17:57 | Obsidian Statue |
| 18:20 | Crypt Fiend |
| 18:22 | Crypt Fiend |
| 18:37 | Acolyte |
| 19:05 | Banshee Adept Training |
| 19:08 | Necropolis |
| 20:01 | Cleaving Attack |
| 20:24 | Frost Nova |
| 20:28 | Crypt Fiend |
| 20:28 | Banshee |
| 20:29 | Obsidian Statue |
| 20:30 | Acolyte |
| 20:46 | Scroll of Town Portal |
| 21:02 | Acolyte |
| 21:12 | Potion of Healing |
| 21:27 | Banshee |
| 22:21 | Crypt Fiend |
| 22:21 | Abomination |
| 23:10 | Potion of Lesser Invulnerability |
| Right click | 2634 |
| Select group | 1908 |
| Select | 978 |
| Misc. action | 377 |
| Build/train/purchase | 347 |
| Use ability | 133 |
| Assign group | 80 |
| Item give/drop | 8 |
| Chat | 7 |
| Minimap ping | 2 |